 Dungeon Sprint DCSS version 0.23.2-11-gf996548c65 (webtiles) character file.

Game seed: 2371847071365690307

13567 wilfster70 the Sharpshooter (level 12, -6/103 HPs)
             Began as a Formicid Hunter on June 5, 2019.
             Was the Champion of Qazlal.
             Killed from afar by a lich (35 damage)
             ... with a bolt of negative energy
             ... in the Dungeon (Sprint V: "Ziggurat Sprint").
             The game lasted 00:07:26 (1191 turns).

wilfster70 the Sharpshooter (Formicid Hunter)       Turns: 1191, Time: 00:07:27

Health: -6/103     AC: 30    Str: 24    XL:     12   Next: 34%
Magic:  3/21       EV:  6    Int: 12    God:    Qazlal [******]
Gold:   0          SH: 37    Dex: 11    Spells: 11/11 levels left

rFire    + . .     SeeInvis +   a - +9 heavy crossbow "Sniper" {velocity, Acc+∞ SInv}
rCold    + + .     Gourm    .   F - +18 shield of the Gong {rElec rN+ MR+ EV-5}
rNeg     + . .     Faith    .   E - +5 gold dragon scales
rPois    +         Spirit   .   (helmet unavailable)
rElec    +         Reflect  .   (no cloak)
rCorr    .         Harm     .   m - +1 pair of gloves {Str+3}
MR       ++...                  j - +0 pair of boots {Stlth+}
Stlth    ..........             (no amulet)
HPRegen  0.27/turn              (no ring)
MPRegen  0.17/turn              k - ring of Ihoprawi {rC+ EV+3}

@: lethally poisoned (-6 -> -12), protected from physical damage, drained, repel
missiles
A: permanent stasis, dig shafts and tunnels, four strong arms, antennae 3
a: Dig, Upheaval, Elemental Force, Disaster Area, Renounce Religion


You were in the Dungeon.
You worshipped Qazlal.
Qazlal was exalted by your worship.
You were not hungry.

You visited 1 branch

Inventory:

Hand Weapons
 a - the +9 heavy crossbow "Sniper" (weapon) {velocity, Acc+∞ SInv}
   (You found it in the Dungeon)

   Any bolt fired from it inflicts extra damage.
   It lets you see invisible.
 b - a +5 executioner's axe of chopping
Missiles
 d - 1006 bolts (quivered)
Armour
 j - a +0 pair of boots of stealth (worn)
 m - a +1 pair of gloves of strength (worn)
 E - +5 gold dragon scales (worn)
 F - the +18 shield of the Gong (worn) {rElec rN+ MR+ EV-5}
   (You found it in the Dungeon)

   It affects your evasion (-5).
   It insulates you from electricity.
   It protects you from negative energy.
   It affects your resistance to hostile enchantments.
Jewellery
 k - the ring of Ihoprawi (right hand) {rC+ EV+3}
   (You found it in the Dungeon)

   [ring of evasion]

   It affects your evasion (+3).
   It protects you from cold.
 y - the ring "Qupn" {rElec rPois rF+ rC- Stlth-}
   (You found it in the Dungeon)

   [ring of attention]

   It protects you from fire.
   It makes you vulnerable to cold.
   It insulates you from electricity.
   It protects you from poison.
   It makes you less stealthy.
Wands
 v - a wand of disintegration (7)
 w - a wand of iceblast (7)
 x - a wand of acid (7)
Scrolls
 p - 4 scrolls of amnesia
 q - 7 scrolls of fog
 r - a scroll of holy word
 s - 5 scrolls of identify
 t - 5 scrolls of remove curse
 u - 2 scrolls of fear
 z - a scroll of brand weapon
Potions
 c - 2 potions of invisibility
 e - 9 potions of curing
 g - 5 potions of heal wounds
 i - 6 potions of magic
 l - 4 potions of resistance
 n - 6 potions of agility
 o - 5 potions of might
 G - 2 potions of brilliance
Miscellaneous
 h - 2 phantom mirrors
Comestibles
 f - 7 rations
 A - a chunk of flesh


   Skills:
 + Level 12.5(11.7) Fighting
 * Level 15.9(15.0) Crossbows
 + Level 12.3(11.5) Armour
 + Level 10.6(9.8) Dodging
 - Level 1.2(0.6) Stealth
 - Level 9.0(8.3) Shields
 + Level 13.3(12.5) Invocations
 - Level 10.0(9.2) Evocations


You had 11 spell levels left.
You didn't know any spells.
Your spell library contained the following spells:

 Spells                   Type           Power        Failure   Level  Hunger
 Apportation              Tloc           #.....       100%        1    ##.....
 Beastly Appendage        Tmut           #.....       100%        1    ##.....
 Corona                   Hex            #......      100%        1    ##.....
 Flame Tongue             Conj/Fire      #....        100%        1    ##.....
 Magic Dart               Conj           #...         100%        1    ##.....
 Pain                     Necr           #...         100%        1    ##.....
 Sting                    Conj/Pois      #...         100%        1    ##.....
 Corpse Rot               Necr           N/A          100%        2    ###....
 Ensorcelled Hibernation  Hex/Ice        #.....       100%        2    ###....
 Poisonous Vapours        Pois/Air       #.....       100%        2    ###....
 Searing Ray              Conj           #.....       100%        2    ###....
 Slow                     Hex            #.......     100%        2    ###....
 Sticks to Snakes         Tmut           #.......     100%        2    ###....
 Sublimation of Blood     Necr           #.........   100%        2    ###....
 Throw Flame              Conj/Fire      #.....       100%        2    ###....
 Confuse                  Hex            #.......     100%        3    ####...
 Conjure Flame            Conj/Fire      #.......     100%        3    ####...
 Dazzling Spray           Conj/Hex       #.....       100%        3    ####...
 Ignite Poison            Fire/Tmut/Pois #.......     100%        3    ####...
 Inner Flame              Hex/Fire       #.......     100%        3    ####...
 Ozocubu's Armour         Chrm/Ice       #.......     100%        3    ####...
 Spider Form              Tmut/Pois      #.........   100%        3    ####...
 Summon Guardian Golem    Hex/Summ       #.......     100%        3    ####...
 Tukima's Dance           Hex            #.......     100%        3    ####...
 Force Lance              Conj/Tloc      #.......     100%        4    #####..
 Fulminant Prism          Conj/Hex       #.........   100%        4    #####..
 Ice Form                 Ice/Tmut       #.......     100%        4    #####..
 Iskenderun's Mystic Bla  Conj           #.......     100%        4    #####..
 Sticky Flame             Conj/Fire      #.......     100%        4    #####..
 Agony                    Necr           #.......     100%        5    ######.
 Bolt of Draining         Conj/Necr      #.........   100%        5    ######.
 Bolt of Magma            Conj/Fire/Erth #.........   100%        5    ######.
 Borgnjor's Vile Clutch   Necr/Erth      #.........   100%        5    ######.
 Dispel Undead            Necr           #.......     100%        5    ######.
 Excruciating Wounds      Chrm/Necr      #.........   100%        5    ######.
 Fireball                 Conj/Fire      #.........   100%        5    ######.
 Venom Bolt               Conj/Pois      #.........   100%        5    ######.
 Death Channel            Necr           #.........   100%        6    #######
 Disjunction              Tloc           #.........   100%        8    #######
 Controlled Blink         Tloc           Unusable     N/A         8    N/A

Dungeon Overview and Level Annotations

Branches:
Dungeon (1/1)

Altars:
Ashenzari
Cheibriados
Dithmenos
Elyvilon
Fedhas
Gozag
Hepliaklqana
Kikubaaqudgha
Makhleb
Nemelex Xobeh
Okawaru
Qazlal
Ru
Sif Muna
Trog
Uskayaw
Vehumet
Wu Jian
Xom
Yredelemnul
Zin
The Shining One
Beogh
Jiyva
Lugonu


Innate Abilities, Weirdness & Mutations

You cannot be hasted, slowed, berserked, paralysed or teleported.
You can dig through walls and to a lower floor.
Your four strong arms can wield two-handed weapons with a shield.
You have a pair of large antennae on your head. (SInv)


Message History

Your air elemental hits the shadow dragon but does no damage.
Your air elemental misses the shadow dragon.
Your air elemental completely misses the shadow dragon.
Your air elemental hits the shadow dragon.
Your air elemental barely misses the shadow dragon.
The vault guard blocks your fire elemental's attack.
Your air elemental hits the shadow dragon but does no damage.
The lich is engulfed in freezing vapours.
You block the lich's attack.
PANG!
The shadow dragon breathes negative energy at you.
The bolt of negative energy hits you. You partially resist.
You feel drained.
* * * LOW HITPOINT WARNING * * *
Your air elemental barely misses the shadow dragon.
Your air elemental hits the shadow dragon!
The vault guard blocks your fire elemental's attack.
The lich is engulfed in freezing vapours.
The lich points at you and mumbles some strange words.
The bolt of negative energy hits you!! You partially resist.
You feel drained.
You die...

▓...8©8...▓
▓..[::[...▓..|[)....▓
▓...."[}..▓....).)..▓
▓[......≈≈▓...)..)..▓
▓.....[...▓.........▓
▓...()....▓....))...▓
▓..EEE....▓...).....▓
▓.≈☼D(p...▓.▓..)..▓.▓
▓.▓○L@)E▓.▓....©....▓
▓...○E○...▓▓▓▓▓▓▓▓▓▓▓
▓▓▓▓▓▓▓▓▓▓▓


{{{{{{{{ {{{{{{{{{ {{{{{{{{{{{{{{{{{{ {{{{{{{{{{{{{{{{{{ {{{{{ You could see a
shadow dragon, a lich, a vault guard, 2 friendly water elementals, a friendly
fire elemental and 2 friendly air elementals.

Vanquished Creatures
  A shadow dragon (D)
  5 vault guards (D)
  A dancing weapon (D)
  A spriggan druid (D)
  3 deep elf magi (D)
  A black mamba (D)
  4 toenail golems (D)
  An eye of devastation (D)
  2 slime creatures (D)
  2 hornets (D)
  An air elemental (D)
  7 spriggans (D)
  2 tarantellas (D)
  2 fire elementals (D)
  A naga (D)
  2 water moccasins (D)
  A floating eye (D)
  A black bear (D)
  A phantom (D)
  3 necrophages (D)
  2 scorpions (D)
  A wight (D)
  A jelly (D)
  An adder (D)
  A shadow imp (D)
  A white imp (D)
  2 oozes (D)
  2 adder zombies (D)
  2 adder skeletons (D)
  A ball python (D)
  3 bat skeletons (D)
  A bat zombie (D)
  A jackal zombie (D)
61 creatures vanquished.

Vanquished Creatures (collateral kills)
  A vault guard (D)
1 creature vanquished.

Vanquished Creatures (others)
  A dancing weapon (D)
1 creature vanquished.

Grand Total: 63 creatures vanquished

Notes
Turn   | Place    | Note
-------+----------+-------------------------------------------
     0 | D        | Found the +6 Majin-Bo {vamp, Archmagi MP+6 Int+6}
     0 | D        | Found the +7 great mace "Firestarter" {inner flame, rF++}
     0 | D        | wilfster70 the Formicid Hunter began the quest for the Orb.
     0 | D        | Reached XP level 1. HP: 16/16 MP: 1/1
    22 | D        | Found a blossoming altar of Fedhas.
    24 | D        | Found a deep blue altar of Sif Muna.
    24 | D        | Found a sacrificial altar of Ru.
    24 | D        | Found a bloodstained altar of Trog.
    24 | D        | Found a stormy altar of Qazlal.
    24 | D        | Found an iron altar of Okawaru.
    24 | D        | Found a sparkling altar of Nemelex Xobeh.
    26 | D        | Found a transporter.
    26 | D        | Found an ancient bone altar of Kikubaaqudgha.
    26 | D        | Found a viscous altar of Jiyva.
    26 | D        | Found a corrupted altar of Lugonu.
    26 | D        | Found a hazy altar of Hepliaklqana.
    26 | D        | Found a burning altar of Makhleb.
    26 | D        | Found an opulent altar of Gozag.
    42 | D        | Became a worshipper of Qazlal Stormbringer
    46 | D        | Found the +6 shillelagh "Devastator" {shatter}
    46 | D        | Found the +11 plutonium sword {*Contam Stlth-}
    46 | D        | Found the +8 lance "Wyrmbane" {slay drac, rPois rF+ rC+
                  | AC+3}
    46 | D        | Found the +9 sword of Zonguldrok {reap}
    46 | D        | Found the cursed +13 scythe of Curses {drain, *Curse}
    46 | D        | Found the +0 sword of Power
    46 | D        | Found the +7 mace of Variability {chain chaos}
    46 | D        | Found the +7 Singing Sword {slice, sonic wave}
    46 | D        | Found the +7 longbow "Piercer" {penet, EV-2}
    47 | D        | Found the +9 heavy crossbow "Sniper" {velocity, Acc+∞ SInv}
    47 | D        | Found the +10 dark maul {crush}
    47 | D        | Found the +15 Maxwell's patent armour {-Cast -Tele rElec
                  | MR+ rCorr}
    47 | D        | Found the +18 shield of the Gong {rElec rN+ MR+ EV-5}
    47 | D        | Found the cursed +14 obsidian axe {chop, +Fly SInv *Curse}
    65 | D        | Reached skill level 5 in Crossbows
    65 | D        | Reached XP level 2. HP: 24/24 MP: 2/4
   104 | D        | Entered arena 2.
   104 | D        | Found a transporter.
   106 | D        | Reached XP level 3. HP: 29/29 MP: 5/5
   117 | D        | Entered arena 3.
   117 | D        | Noticed a +1 trident of piercing
   117 | D        | Noticed a +0 mace of protection
   117 | D        | Noticed an air elemental
   117 | D        | Found a transporter.
   118 | D        | Killed a +1 trident of piercing
   118 | D        | Reached skill level 6 in Crossbows
   118 | D        | Reached XP level 4. HP: 37/37 MP: 6/6
   120 | D        | Killed a +0 mace of protection
   120 | D        | Reached * piety under Qazlal
   120 | D        | Reached skill level 5 in Fighting
   120 | D        | Reached skill level 8 in Crossbows
   120 | D        | Reached skill level 5 in Armour
   120 | D        | Reached skill level 5 in Shields
   120 | D        | Reached skill level 5 in Invocations
   120 | D        | Reached skill level 5 in Evocations
   120 | D        | Reached XP level 5. HP: 28/46 MP: 6/9
   120 | D        | Reached XP level 6. HP: 31/52 MP: 6/10
   124 | D        | Killed an air elemental
   124 | D        | Reached skill level 5 in Dodging
   124 | D        | Reached XP level 7. HP: 15/58 MP: 7/11
   348 | D        | Entered arena 4.
   348 | D        | Noticed a tarantella
   348 | D        | Noticed a tarantella
   348 | D        | Found a transporter.
   351 | D        | Killed a tarantella
   351 | D        | Reached skill level 9 in Crossbows
   353 | D        | Killed a tarantella
   353 | D        | Reached ** piety under Qazlal
   353 | D        | Reached XP level 8. HP: 42/65 MP: 11/13
   462 | D        | Entered arena 5.
   462 | D        | Noticed a toenail golem
   462 | D        | Noticed a toenail golem
   462 | D        | Noticed a toenail golem
   462 | D        | Noticed a toenail golem
   462 | D        | Found a transporter.
   465 | D        | Killed a toenail golem
   465 | D        | Reached skill level 10 in Crossbows
   468 | D        | Killed a toenail golem
   468 | D        | Reached *** piety under Qazlal
   468 | D        | Reached XP level 9. HP: 59/74 MP: 13/15
   471 | D        | Killed a toenail golem
   472 | D        | Killed a toenail golem
   472 | D        | Reached skill level 11 in Crossbows
   560 | D        | Entered arena 6.
   560 | D        | Noticed a deep elf mage
   560 | D        | Noticed a deep elf mage
   560 | D        | Noticed a deep elf mage
   560 | D        | Found a transporter.
   561 | D        | Noticed a sixfirhy
   562 | D        | Noticed a smoke demon
   563 | D        | Noticed a hellwing
   565 | D        | Noticed a sixfirhy
   567 | D        | Killed a deep elf mage
   567 | D        | Reached **** piety under Qazlal
   569 | D        | Killed a deep elf mage
   569 | D        | Reached XP level 10. HP: 17/83 MP: 13/17
   569 | D        | HP: 3/83 [fire elemental (4)]
   572 | D        | Killed a deep elf mage
   572 | D        | Reached skill level 12 in Crossbows
   588 | D        | Got the ring of Ihoprawi {rC+ EV+3}
   820 | D        | Entered arena 7.
   821 | D        | Reached ***** piety under Qazlal
   827 | D        | Reached skill level 10 in Invocations
   828 | D        | Found a transporter.
   847 | D        | Got Huatwej's Disquisition on Venom and Transmutation
   855 | D        | Entered arena 8.
   855 | D        | Noticed a black mamba
   857 | D        | Killed a black mamba
   861 | D        | Reached ****** piety under Qazlal
   861 | D        | Reached skill level 10 in Fighting
   864 | D        | Found a transporter.
   886 | D        | Entered arena 9.
   886 | D        | Noticed an eye of devastation
   890 | D        | Reached skill level 13 in Crossbows
   890 | D        | Killed an eye of devastation
   891 | D        | Found a transporter.
   899 | D        | Got the Papyrus of Sinister Rituals
  1039 | D        | Entered arena 10.
  1040 | D        | Reached skill level 10 in Armour
  1040 | D        | Reached skill level 10 in Evocations
  1040 | D        | Reached XP level 11. HP: 92/92 MP: 19/19
  1042 | D        | Found a transporter.
  1058 | D        | Got the Reference Book on Dislocated Venom
  1061 | D        | Got the Compendium of Entrancing Ignition
  1085 | D        | Entered arena 11.
  1085 | D        | Noticed a spriggan rider
  1085 | D        | Noticed a spriggan rider
  1085 | D        | Noticed a spriggan druid
  1087 | D        | Killed a spriggan druid
  1088 | D        | Killed a spriggan rider
  1088 | D        | Reached skill level 14 in Crossbows
  1089 | D        | Killed a spriggan rider
  1091 | D        | Found a transporter.
  1099 | D        | Got the ring "Qupn" {rElec rPois rF+ rC- Stlth-}
  1106 | D        | Got the Papyrus of Envenoming and the Glacier
  1175 | D        | Entered arena 12.
  1175 | D        | Noticed a vault guard
  1175 | D        | Noticed a vault guard
  1175 | D        | Noticed a vault guard
  1175 | D        | Noticed a vault guard
  1175 | D        | Noticed a vault guard
  1175 | D        | Noticed a lich
  1175 | D        | Noticed a shadow dragon
  1175 | D        | Noticed a shadow dragon
  1175 | D        | Noticed a vault guard
  1176 | D        | Identified the ring "Livac" {rN++ Dex-4 SInv}
  1176 | D        | Noticed a vault guard
  1178 | D        | Killed a vault guard
  1178 | D        | Killed a vault guard
  1178 | D        | Killed a vault guard
  1178 | D        | Reached skill level 15 in Crossbows
  1178 | D        | Reached skill level 10 in Dodging
  1180 | D        | Killed a vault guard
  1180 | D        | Reached XP level 12. HP: 95/102 MP: 5/21
  1189 | D        | Killed a vault guard
  1191 | D        | Killed a shadow dragon
  1191 | D        | Killed a vault guard
  1191 | D        | Killed from afar by a lich

Skill      XL: |  1  2  3  4  5  6  7  8  9 10 11 12 |
---------------+-------------------------------------+-----
Fighting       | 3 4 5 6 8 9 10 12 | 12.5
Crossbows      | 5 6 8 9 10 11 13 15 | 15.9
Armour         | 2 3 5 6 7 8 10 11 12 | 12.3
Dodging        | 2 3 4 5 6 7 8 10 | 10.6
Shields        | 2 3 5 6 7 9 |  9.0
Invocations    | 2 3 5 6 7 8 9 10 12 13 | 13.3
Evocations     | 2 3 5 6 7 8 10 | 10.0
Stealth        | |  1.2

Action                   |  1- 3 |  4- 6 |  7- 9 | 10-12 || total
-------------------------+-------+-------+-------+-------++-------
 Fire: Heavy crossbow    |     3 |     6 |    24 |    26 ||    59
Invok: Upheaval          |       |       |     1 |       ||     1
       Disaster Area     |       |       |       |     9 ||     9
       Elemental Force   |       |       |       |     1 ||     1
  Use: Potion            |     1 |       |     1 |     6 ||     8
       Scroll            |       |       |       |     2 ||     2
  Eat: Chunk             |       |       |       |     1 ||     1
Armor: Gold dragon scale |       |    13 |    45 |    40 ||    98
Dodge: Dodged            |       |       |     9 |     5 ||    14
Block: Shield            |     1 |    17 |    70 |    73 ||   161
